[Event "Stadtmeisterschaft Ulm/Neu-Ulm 2008"]
[Site "?"]
[Date "2008.09.19"]
[Round "1"]
[White "Goda, Frederic"]
[Black "Schulze, Andreas"]
[Result "0-1"]
[ECO "D91"]
[WhiteElo "1706"]
[BlackElo "2173"]
[Annotator "Frederic"]
[PlyCount "86"]
[EventDate "2008.??.??"]
[TimeControl "30/5400:20/1800:20/1800"]

{256MB, Fritz10.ctg, SCHACHCOMP} 1. d4 Nf6 2. c4 g6 3. Nc3 d5 4. Nf3 Bg7 5. Bg5
c6 6. e3 O-O 7. Rc1 Qa5 8. Qa4 Qxa4 9. Nxa4 dxc4 10. Nc3 Be6 11. Bxf6 exf6 12.
a4 f5 13. Nd2 f4 14. Bxc4 fxe3 15. fxe3 Re8 16. Kf2 Nd7 17. Rhe1 Nf6 18. h3
Rad8 19. Bxe6 Rxe6 20. b4 Nd5 21. Nxd5 Rxd5 22. Nb3 f5 23. Kf3 Rd8 24. b5 cxb5
25. Nc5 Re7 26. axb5 Rd5 27. Rb1 Kf7 28. Re2 b6 29. Na6 Bh6 30. Rb4 Rd8 31. Rc4
Rde8 32. Rc3 Re4 33. Nb4 f4 34. Rc7+ Kf8 35. Nc2 fxe3 36. Rxa7 Rf4+ 37. Kg3 Rf1
38. Ra3 Bf4+ 39. Kh4 Re4 40. Ra8+ Kg7 41. g4 g5+ 42. Kh5 Rh1 43. Ra7+ Kf6 0-1

[Event "Stadtmeisterschaft Ulm/Neu-Ulm 2008"]
[Site "?"]
[Date "2008.09.19"]
[Round "1"]
[White "Mayer, Arnd"]
[Black "Krauß, Rainer"]
[Result "1/2-1/2"]
[ECO "D24"]
[WhiteElo "2012"]
[BlackElo "1640"]
[Annotator "Frederic"]
[PlyCount "77"]
[EventDate "2008.??.??"]
[TimeControl "30/5400:20/1800:20/1800"]

{256MB, Fritz10.ctg, SCHACHCOMP} 1. d4 d5 2. Nf3 Bf5 3. c4 dxc4 4. Nc3 Nf6 5.
e3 e6 6. Bxc4 Be7 7. O-O O-O 8. Qe2 c5 9. Rd1 Qc7 10. b3 Nc6 11. Bb2 a6 12. d5
exd5 13. Bxd5 Rad8 14. a3 Bg4 15. h3 Bh5 16. g4 Bg6 17. Nh4 Nxd5 18. Nxg6 Nxc3
19. Nxe7+ Qxe7 20. Bxc3 Qe6 21. Qb2 f6 22. b4 cxb4 23. axb4 h5 24. Qe2 hxg4 25.
Qxg4 Qxg4+ 26. hxg4 Rxd1+ 27. Rxd1 Rd8 28. Rxd8+ Nxd8 29. Kg2 Kf7 30. Kf3 Ke6
31. g5 Nc6 32. gxf6 gxf6 33. e4 f5 34. Ke3 b6 35. f4 fxe4 36. Kxe4 a5 37. f5+
Kf7 38. b5 Na7 39. Bd4 1/2-1/2

[Event "Stadtmeisterschaft Ulm/Neu-Ulm 2008"]
[Site "?"]
[Date "2008.09.19"]
[Round "1"]
[White "Kühn, Bernd"]
[Black "Hörsch, Heiner"]
[Result "0-1"]
[ECO "A08"]
[WhiteElo "1618"]
[BlackElo "2059"]
[Annotator "Frederic"]
[PlyCount "58"]
[EventDate "2008.??.??"]
[TimeControl "30/5400:20/1800:20/1800"]

{256MB, Fritz10.ctg, SCHACHCOMP} 1. Nf3 d5 2. g3 Nf6 3. Bg2 c5 4. d3 Nc6 5.
Nbd2 Bg4 6. O-O e6 7. e4 dxe4 8. dxe4 Be7 9. Re1 Qc7 10. c3 O-O 11. Qc2 Rad8
12. Nc4 Bxf3 13. Bxf3 b5 14. Ne3 Ne5 15. Be2 c4 16. Ng2 Nd3 17. Bxd3 Rxd3 18.
Bg5 Rfd8 19. Re2 h6 20. Bxf6 Bxf6 21. Rae1 Qb6 22. Ne3 Be7 23. Qc1 Bc5 24. Ng4
Qd6 25. e5 Qc6 26. Qf4 Rf3 27. Nxh6+ gxh6 28. Qxh6 Rdd3 29. Rf1 Rxg3+ 0-1

[Event "Stadtmeisterschaft Ulm/Neu-Ulm 2008"]
[Site "?"]
[Date "2008.09.19"]
[Round "1"]
[White "Gallwitz, Helge"]
[Black "Jahn, Manfred"]
[Result "1-0"]
[ECO "B03"]
[WhiteElo "2051"]
[BlackElo "1617"]
[Annotator "Frederic"]
[PlyCount "47"]
[EventDate "2008.??.??"]
[TimeControl "30/5400:20/1800:20/1800"]

{256MB, Fritz10.ctg, SCHACHCOMP} 1. e4 Nf6 2. e5 Nd5 3. d4 d6 4. c4 Nb6 5. exd6
cxd6 6. Bd3 g6 7. Nf3 Bg7 8. h3 O-O 9. O-O Nc6 10. Be3 Re8 11. Nc3 e5 12. d5
Ne7 13. b4 Bf5 14. Be2 Rc8 15. Qb3 Qd7 16. Rfd1 e4 17. Nd4 h5 18. Rac1 Bxh3 19.
Nxe4 Nexd5 20. Nxd6 Nxe3 21. Nxc8 Bxd4 22. Nxb6 axb6 23. Rd3 Nxg2 24. Bf1 1-0

[Event "Stadtmeisterschaft Ulm/Neu-Ulm 2008"]
[Site "?"]
[Date "2008.09.19"]
[Round "1"]
[White "Zahn, Achim"]
[Black "Schwab, Matthias"]
[Result "0-1"]
[ECO "B22"]
[WhiteElo "1584"]
[BlackElo "2022"]
[Annotator "Frederic"]
[PlyCount "82"]
[EventDate "2008.??.??"]
[TimeControl "30/5400:20/1800:20/1800"]

{256MB, Fritz10.ctg, SCHACHCOMP} 1. e4 c5 2. c3 d5 3. exd5 Qxd5 4. Nf3 Nc6 5.
d4 Bg4 6. Be2 e6 7. Be3 cxd4 8. Nxd4 Qxg2 9. Bf3 Bxf3 10. Qxf3 Qxf3 11. Nxf3
Nf6 12. O-O Be7 13. Nbd2 Nd5 14. Rfe1 O-O 15. Nd4 Nxe3 16. fxe3 Rfd8 17. Nxc6
bxc6 18. Nb3 e5 19. Kf2 a5 20. Red1 a4 21. Nd2 f6 22. Ke2 Kf7 23. Nc4 Bc5 24.
Rxd8 Rxd8 25. Rd1 Rxd1 26. Kxd1 Ke6 27. e4 g6 28. b4 axb3 29. axb3 f5 30. exf5+
gxf5 31. Ke2 e4 32. Nd2 Kd5 33. Nf1 f4 34. h3 Ke5 35. Nh2 h5 36. Nf1 f3+ 37.
Ke1 Kf4 38. b4 Ba7 39. c4 Bd4 40. b5 cxb5 41. cxb5 e3 0-1

[Event "Stadtmeisterschaft Ulm/Neu-Ulm 2008"]
[Site "?"]
[Date "2008.09.19"]
[Round "1"]
[White "Wolf, Rainer"]
[Black "Förderreuther, Jonas"]
[Result "1-0"]
[ECO "E61"]
[WhiteElo "2002"]
[BlackElo "1510"]
[Annotator "Frederic"]
[PlyCount "59"]
[EventDate "2008.??.??"]
[TimeControl "30/5400:20/1800:20/1800"]

{256MB, Fritz10.ctg, SCHACHCOMP} 1. Nf3 Nf6 2. e3 g6 3. d4 Bg7 4. Be2 O-O 5.
O-O d6 6. c4 Nbd7 7. Nc3 e5 8. a4 a5 9. Nb5 Ne8 10. dxe5 Nxe5 11. Nxe5 Bxe5 12.
f4 Bg7 13. Bf3 Nf6 14. Qc2 c6 15. Nc3 Be6 16. b3 d5 17. cxd5 Nxd5 18. Bxd5 Bxd5
19. Rb1 Be6 20. Kh1 Qb6 21. e4 Qc5 22. Rf3 Rad8 23. Bd2 b5 24. Be1 b4 25. Bf2
Bd4 26. Bxd4 Rxd4 27. f5 Bc8 28. Qc1 bxc3 29. Qh6 c2 30. Rbf1 1-0

[Event "Stadtmeisterschaft Ulm/Neu-Ulm 2008"]
[Site "?"]
[Date "2008.09.19"]
[Round "1"]
[White "Rieken, Bernd"]
[Black "Deißler, Helmut"]
[Result "0-1"]
[ECO "B20"]
[WhiteElo "1500"]
[BlackElo "1988"]
[Annotator "Frederic"]
[PlyCount "120"]
[EventDate "2008.??.??"]
[TimeControl "30/5400:20/1800:20/1800"]

{256MB, Fritz10.ctg, SCHACHCOMP} 1. e4 c5 2. Bc4 d6 3. Ne2 Nf6 4. d3 e6 5. Bg5
Be7 6. Bxf6 Bxf6 7. Nbc3 O-O 8. O-O Nc6 9. a4 b6 10. f4 Nd4 11. Nxd4 Bxd4+ 12.
Kh1 Bb7 13. Qg4 d5 14. Bb3 Bxc3 15. bxc3 dxe4 16. f5 exf5 17. Qxf5 Qe7 18. dxe4
Bxe4 19. Qg4 Kh8 20. Rae1 f5 21. Qe2 Rad8 22. Kg1 Qg5 23. Rd1 h6 24. Bc4 Qf6
25. g4 Qg6 26. h3 fxg4 27. Qxg4 Qxg4+ 28. hxg4 Bxc2 29. Rxd8 Rxd8 30. Rf7 a5
31. Bb5 Kh7 32. Rb7 Rd6 33. Kf2 Be4 34. Rb8 Bd3 35. c4 Rd4 36. Rxb6 Rxg4 37.
Ra6 Bxc4 38. Rxa5 Bxb5 39. axb5 Rb4 40. b6 Rxb6 41. Rxc5 g5 42. Kg3 Kg6 43. Rc8
Rb3+ 44. Kh2 Kh5 45. Rc6 g4 46. Kg2 Kg5 47. Rc8 h5 48. Rc4 Rb2+ 49. Kg1 Kh4 50.
Rc3 g3 51. Rc5 Kg4 52. Rc1 h4 53. Rc4+ Kh3 54. Rc1 Rb3 55. Rd1 Kg4 56. Rd4+ Kf3
57. Rd1 h3 58. Rf1+ Ke2 59. Rc1 Rd3 60. Rc2+ Rd2 0-1

[Event "Stadtmeisterschaft Ulm/Neu-Ulm 2008"]
[Site "?"]
[Date "2008.09.19"]
[Round "1"]
[White "Hörsch, Florian"]
[Black "Gebhardt, Uwe"]
[Result "0-1"]
[ECO "A42"]
[WhiteElo "1495"]
[BlackElo "1951"]
[Annotator "Frederic"]
[PlyCount "92"]
[EventDate "2008.??.??"]
[TimeControl "30/5400:20/1800:20/1800"]

{256MB, Fritz10.ctg, SCHACHCOMP} 1. e4 g6 2. d4 Bg7 3. c4 d6 4. Nc3 Nc6 5. Nf3
Bg4 6. Be3 e5 7. d5 Nd4 8. Be2 Nxe2 9. Qxe2 f5 10. O-O f4 11. Bd2 Nf6 12. h3
Bd7 13. c5 O-O 14. cxd6 cxd6 15. Rac1 Ne8 16. Rc2 g5 17. Nh2 a6 18. f3 h5 19.
Kh1 Qf6 20. Rg1 Qh6 21. Nd1 Qh7 22. Nf2 Nf6 23. Rc7 Bb5 24. Qd1 Rab8 25. a4 Bd7
26. Bb4 g4 27. fxg4 hxg4 28. Nfxg4 Nxe4 29. Re1 Bxg4 30. Nxg4 f3 31. Kh2 fxg2
32. Kxg2 Ng5 33. Re3 Qg6 34. Qc2 e4 35. Rxg7+ Kxg7 36. Qc7+ Nf7 37. Bxd6 Qxd6
38. Qc3+ Kg6 39. Rg3 Ng5 40. Ne5+ Kh5 41. Rxg5+ Kxg5 42. h4+ Kf5 43. Qh3+ Kf4
44. Qg4+ Kxe5 45. Qg5+ Kd4 46. Qg7+ Qf6 0-1

[Event "Stadtmeisterschaft Ulm/Neu-Ulm 2008"]
[Site "?"]
[Date "2008.09.19"]
[Round "1"]
[White "Hengstberger, Ulli"]
[Black "Bühler, Jürgen"]
[Result "0-1"]
[ECO "A26"]
[WhiteElo "1445"]
[BlackElo "1917"]
[Annotator "Frederic"]
[PlyCount "68"]
[EventDate "2008.??.??"]
[TimeControl "30/5400:20/1800:20/1800"]

{256MB, Fritz10.ctg, SCHACHCOMP} 1. c4 e5 2. Nc3 Nc6 3. g3 g6 4. Bg2 Bg7 5. Nf3
d6 6. d3 h6 7. O-O f5 8. Rb1 Be6 9. Bd2 Nf6 10. Ne1 g5 11. f4 exf4 12. gxf4 g4
13. b4 Qd7 14. b5 Nd8 15. Nc2 O-O 16. Ne3 c6 17. a4 Rc8 18. a5 d5 19. Na4 Re8
20. Nc5 Qf7 21. a6 b6 22. Nxe6 Qxe6 23. bxc6 dxc4 24. d4 Ne4 25. d5 Qf6 26.
Nxc4 Qd4+ 27. e3 Qxc4 28. Rc1 Qxd5 29. Bb4 Qxd1 30. Rfxd1 Nxc6 31. Bxe4 Rxe4
32. Rd6 Rxb4 33. Rdxc6 Rxc6 34. Rxc6 Ra4 0-1

[Event "Stadtmeisterschaft Ulm/Neu-Ulm 2008"]
[Site "?"]
[Date "2008.09.19"]
[Round "1"]
[White "Hoffart, Alexander"]
[Black "Stork, Simon"]
[Result "1-0"]
[ECO "C22"]
[WhiteElo "1900"]
[BlackElo "1439"]
[Annotator "Frederic"]
[PlyCount "33"]
[EventDate "2008.??.??"]
[TimeControl "30/5400:20/1800:20/1800"]

{256MB, Fritz10.ctg, SCHACHCOMP} 1. e4 e5 2. d4 exd4 3. Qxd4 Nc6 4. Qe3 d6 5.
Nc3 Nf6 6. Bd2 Be7 7. O-O-O O-O 8. Bd3 a6 9. Nge2 b5 10. Nf4 Nb4 11. Be2 c5 12.
g4 Nxg4 13. Bxg4 Bxg4 14. Rdg1 Be6 15. Nh5 Bf6 16. Qh6 Kh8 17. Rxg7 1-0

[Event "Stadtmeisterschaft Ulm/Neu-Ulm 2008"]
[Site "?"]
[Date "2008.09.19"]
[Round "1"]
[White "Fischer, Heidi"]
[Black "Hartmann, Thomas"]
[Result "0-1"]
[ECO "A17"]
[WhiteElo "1375"]
[BlackElo "1889"]
[Annotator "Frederic"]
[PlyCount "84"]
[EventDate "2008.??.??"]
[TimeControl "30/5400:20/1800:20/1800"]

{256MB, Fritz10.ctg, SCHACHCOMP} 1. c4 Nf6 2. Nc3 e6 3. Nf3 Bb4 4. g3 b6 5. Bg2
Bb7 6. O-O O-O 7. d3 Bxc3 8. bxc3 d6 9. Bg5 Nbd7 10. d4 c5 11. Re1 Qc7 12. Nd2
Bxg2 13. Kxg2 Qc6+ 14. e4 e5 15. d5 Qc7 16. f4 Rae8 17. f5 h6 18. Bxf6 Nxf6 19.
h4 g6 20. g4 gxf5 21. g5 hxg5 22. hxg5 Nh7 23. Qh5 Qe7 24. Nf3 f6 25. g6 Ng5
26. exf5 Kg7 27. Rh1 Rh8 28. Qg4 Nxf3 29. Rh7+ Rxh7 30. gxh7+ Ng5 31. Rh1 Rh8
32. Qh5 Rxh7 33. Qg6+ Kh8 34. Rh6 Rxh6 35. Qxh6+ Nh7 36. Kf2 Qe8 37. Ke3 Qg8
38. Qg6 Qxg6 39. fxg6 Nf8 40. Ke4 Nxg6 41. Kf5 Kg7 42. Ke6 e4 0-1

[Event "Stadtmeisterschaft Ulm/Neu-Ulm 2008"]
[Site "?"]
[Date "2008.09.19"]
[Round "1"]
[White "Over, Klaus"]
[Black "Huppertz, Anton"]
[Result "1-0"]
[ECO "D78"]
[WhiteElo "1883"]
[BlackElo "1362"]
[Annotator "Frederic"]
[PlyCount "52"]
[EventDate "2008.??.??"]
[TimeControl "30/5400:20/1800:20/1800"]

{256MB, Fritz10.ctg, SCHACHCOMP} 1. d4 d5 2. Nf3 g6 3. g3 Bg7 4. Bg2 c6 5. O-O
Nf6 6. c4 O-O 7. Nc3 e6 8. Bf4 dxc4 9. Ne5 Nd5 10. a4 Nxf4 11. gxf4 f5 12. e3
Bxe5 13. fxe5 f4 14. Qg4 fxe3 15. fxe3 Rxf1+ 16. Rxf1 Qe7 17. Rf6 Qg7 18. d5
cxd5 19. Bxd5 Nc6 20. Bxe6+ Bxe6 21. Qxe6+ Kh8 22. Ne4 Rf8 23. Rxf8+ Qxf8 24.
Nd6 Nd8 25. Qd7 a5 26. Qxd8 Qxd8 1-0

[Event "Stadtmeisterschaft Ulm/Neu-Ulm 2008"]
[Site "?"]
[Date "2008.09.19"]
[Round "1"]
[White "Meier, Dennis"]
[Black "Smolny, Frieder"]
[Result "0-1"]
[ECO "D85"]
[WhiteElo "1335"]
[BlackElo "1850"]
[Annotator "Frederic"]
[PlyCount "60"]
[EventDate "2008.??.??"]
[TimeControl "30/5400:20/1800:20/1800"]

{256MB, Fritz10.ctg, SCHACHCOMP} 1. d4 Nf6 2. Nf3 g6 3. c4 Bg7 4. Nc3 d5 5.
cxd5 Nxd5 6. e4 Nxc3 7. bxc3 c5 8. Be3 Bg4 9. Be2 Nc6 10. e5 Qa5 11. Qd2 Rd8
12. Rd1 Bxf3 13. Bxf3 Bxe5 14. Qb2 cxd4 15. Bxc6+ bxc6 16. Bg5 dxc3 17. Rxd8+
Qxd8 18. Qc2 O-O 19. O-O Qc7 20. g3 Rb8 21. Bc1 Bd4 22. Rd1 e5 23. Kg2 Qb6 24.
Ba3 c5 25. Re1 Qa5 26. Bc1 Rb2 27. Bxb2 cxb2 28. Rb1 Qxa2 29. Qd1 a5 30. Qe1 a4
0-1

[Event "Stadtmeisterschaft Ulm/Neu-Ulm 2008"]
[Site "?"]
[Date "2008.09.19"]
[Round "1"]
[White "Souisse, Skander"]
[Black "Pletz, Bernd"]
[Result "1-0"]
[ECO "A14"]
[WhiteElo "1850"]
[BlackElo "1315"]
[Annotator "Frederic"]
[PlyCount "84"]
[EventDate "2008.??.??"]
[TimeControl "30/5400:20/1800:20/1800"]

{256MB, Fritz10.ctg, SCHACHCOMP} 1. c4 e6 2. Nf3 Nf6 3. g3 d5 4. b3 Be7 5. Bg2
O-O 6. O-O c6 7. Bb2 Nbd7 8. d3 h6 9. Nbd2 b6 10. Qc2 Bb7 11. e4 dxc4 12. dxc4
Qc7 13. e5 Nh7 14. Ne4 c5 15. h4 Bxe4 16. Qxe4 Rfd8 17. Nh2 Nhf8 18. f4 f6 19.
Qe2 Rac8 20. Ng4 f5 21. Ne3 g6 22. g4 Bxh4 23. gxf5 exf5 24. Nd5 Qb8 25. e6 Re8
26. e7 Qd6 27. Rad1 Bxe7 28. Qd2 Kf7 29. Qc3 Bf6 30. Nxf6 Qxf6 31. Bd5+ Kg7 32.
Qd2 Ne5 33. Bxe5 Rxe5 34. fxe5 Qxe5 35. Rde1 Qd6 36. Qe3 Rc7 37. Qe5+ Qxe5 38.
Rxe5 Kf6 39. Re8 Kg7 40. Rfe1 Nd7 41. R1e7+ Kf6 42. Rf7+ Kg5 1-0

[Event "Stadtmeisterschaft Ulm/Neu-Ulm 2008"]
[Site "?"]
[Date "2008.09.19"]
[Round "1"]
[White "Sturm, Paul"]
[Black "Sander, Luzia"]
[Result "0-1"]
[ECO "D31"]
[WhiteElo "1296"]
[BlackElo "1810"]
[Annotator "Frederic"]
[PlyCount "104"]
[EventDate "2008.??.??"]
[TimeControl "30/5400:20/1800:20/1800"]

{256MB, Fritz10.ctg, SCHACHCOMP} 1. d4 d5 2. c4 e6 3. Nc3 c6 4. Nf3 Be7 5. e4
dxe4 6. Nxe4 h6 7. Be3 Qa5+ 8. Nfd2 Nf6 9. Bd3 e5 10. O-O Ng4 11. Nb3 Qc7 12.
d5 Nxe3 13. fxe3 O-O 14. Qh5 cxd5 15. cxd5 Nd7 16. Rac1 Qb6 17. Rf3 f5 18. d6
Bxd6 19. Nxd6 Qxd6 20. Bxf5 Nf6 21. Qg6 Bxf5 22. Qxf5 Nh7 23. Qg4 Rxf3 24. Qxf3
Rf8 25. Qxb7 Qf6 26. Qd5+ Kh8 27. Qc4 Qf2+ 28. Kh1 Ng5 29. Qd3 e4 30. Qc4 Qxb2
31. h4 Nh7 32. Qxe4 Qxa2 33. Qc4 Qf2 34. Qd4 Nf6 35. Qf4 Qb2 36. Qc4 Nh5 37.
Rc2 Qe5 38. Qd3 Ng3+ 39. Kg1 Nf1 40. Rf2 Rxf2 41. Kxf2 Qf6+ 42. Kg1 Ng3 43. e4
Qxh4 44. e5 Ne4 45. Qf3 Qe1+ 46. Qf1 Qe3+ 47. Kh2 Qxb3 48. Qf8+ Qg8 49. Qf5 Ng5
50. e6 Qxe6 51. Qf8+ Kh7 52. Qc5 a6 0-1

[Event "Stadtmeisterschaft Ulm/Neu-Ulm 2008"]
[Site "?"]
[Date "2008.09.19"]
[Round "1"]
[White "Locher, Klaus"]
[Black "Krapf, Katharina"]
[Result "1-0"]
[ECO "A36"]
[WhiteElo "1790"]
[BlackElo "1223"]
[Annotator "Frederic"]
[PlyCount "59"]
[EventDate "2008.??.??"]
[TimeControl "30/5400:20/1800:20/1800"]

{256MB, Fritz10.ctg, SCHACHCOMP} 1. c4 Nf6 2. Nc3 c5 3. e4 Nc6 4. g3 g6 5. Bg2
Bg7 6. Nge2 O-O 7. O-O b6 8. d3 Bb7 9. h3 e6 10. Be3 Ne7 11. e5 Bxg2 12. exf6
Bxf1 13. fxg7 Kxg7 14. Qxf1 Nf5 15. Bd2 d5 16. cxd5 exd5 17. Nf4 d4 18. Ne4 Re8
19. Ng2 Kg8 20. Bg5 Qc8 21. Nf6+ Kg7 22. Nxe8+ Qxe8 23. Re1 Qc6 24. g4 Nd6 25.
Re7 Qd5 26. Nf4 Qc6 27. Qe2 h6 28. Qe5+ Kh7 29. Bh4 Kg8 30. Ne6 1-0

[Event "Stadtmeisterschaft Ulm/Neu-Ulm 2008"]
[Site "?"]
[Date "2008.09.19"]
[Round "1"]
[White "Simo von Koschitzky, Ignatio"]
[Black "Zierke, Markus"]
[Result "0-1"]
[ECO "C01"]
[WhiteElo "1087"]
[BlackElo "1765"]
[Annotator "Frederic"]
[PlyCount "102"]
[EventDate "2008.??.??"]
[TimeControl "30/5400:20/1800:20/1800"]

{256MB, Fritz10.ctg, SCHACHCOMP} 1. e4 e6 2. Nf3 d5 3. exd5 exd5 4. d4 Bd6 5.
c4 Nf6 6. Bd3 O-O 7. O-O dxc4 8. Bxc4 Bg4 9. Bg5 h6 10. Bh4 Nc6 11. Nc3 Bxf3
12. Qxf3 Nxd4 13. Qd3 Nc6 14. Ne4 Be7 15. Rfe1 Qxd3 16. Bxd3 Rad8 17. Bb5 Nxe4
18. Bxe7 Nxe7 19. Rxe4 Nd5 20. Rae1 c6 21. Bc4 Rd7 22. a3 Rfd8 23. Bb3 Kf8 24.
g3 Nf6 25. R4e2 Rd2 26. h3 Rxe2 27. Rxe2 Re8 28. Rd2 Re1+ 29. Kg2 Ke7 30. Bc4
Ne4 31. Rd4 Nd6 32. Bb3 Re2 33. Rd3 Rxb2 34. Re3+ Kd7 35. Rd3 f6 36. h4 Re2 37.
Bc4 Re5 38. Bb3 Kc7 39. Bc2 c5 40. f4 Re2+ 41. Kf3 Rxc2 42. Ke3 c4 43. Rd1 Rc3+
44. Kd4 Rd3+ 45. Rxd3 cxd3 46. Kxd3 Nf5 47. Ke4 Nxg3+ 48. Kf3 Nf5 49. Kg4 Ne7
50. Kf3 h5 51. Ke3 Nf5+ 0-1

[Event "Stadtmeisterschaft Ulm/Neu-Ulm 2008"]
[Site "?"]
[Date "2008.09.19"]
[Round "1"]
[White "Napierala, Jascha"]
[Black "Heinrich, Klaus"]
[Result "0-1"]
[ECO "D00"]
[WhiteElo "790"]
[BlackElo "1707"]
[Annotator "Frederic"]
[PlyCount "38"]
[EventDate "2008.??.??"]
[TimeControl "30/5400:20/1800:20/1800"]

{256MB, Fritz10.ctg, SCHACHCOMP} 1. e4 d5 2. d4 dxe4 3. Nc3 Nf6 4. Bg5 Bf5 5.
Bxf6 exf6 6. Bc4 Bd6 7. Bd5 Nc6 8. Nxe4 Bb4+ 9. c3 Qxd5 10. f3 Bxe4 11. fxe4
Qxe4+ 12. Ne2 Bd6 13. O-O O-O 14. Rf3 Rae8 15. Ng3 Bxg3 16. Rxg3 Ne7 17. Qh5
Ng6 18. Rh3 Nf4 19. Qh4 Qxg2# 0-1

[Event "Stadtmeisterschaft Ulm/Neu-Ulm 2008"]
[Site "?"]
[Date "2008.09.21"]
[Round "2"]
[White "Huppertz, Anton"]
[Black "Kühn, Bernd"]
[Result "1/2-1/2"]
[ECO "B72"]
[WhiteElo "1362"]
[BlackElo "1618"]
[Annotator "Frederic"]
[PlyCount "75"]
[EventDate "2008.??.??"]
[TimeControl "30/5400:20/1800:20/1800"]

{256MB, Fritz10.ctg, SCHACHCOMP} 1. e4 d6 2. Nf3 c5 3. d4 cxd4 4. Nxd4 Nf6 5.
Nc3 g6 6. Be2 Bg7 7. Be3 O-O 8. Qd2 Nc6 9. Nxc6 bxc6 10. Bh6 Qa5 11. Bxg7 Kxg7
12. O-O Rb8 13. b3 Bb7 14. f3 Rfd8 15. Qe3 Qb6 16. Qxb6 axb6 17. a4 Ra8 18. Ra2
Ba6 19. Rfa1 Bxe2 20. Nxe2 Ne8 21. a5 b5 22. b4 Nc7 23. Nd4 Ra6 24. c3 c5 25.
Ne2 c4 26. Rd1 e5 27. g4 Kf6 28. h4 Ke6 29. Rad2 f5 30. Ng3 fxg4 31. fxg4 Rf8
32. Rf1 Rxf1+ 33. Kxf1 d5 34. exd5+ Nxd5 35. Ne4 Ra8 36. Ng5+ Kd6 37. Nf7+ Ke6
38. Ng5+ 1/2-1/2

[Event "Stadtmeisterschaft Ulm/Neu Ulm 2008"]
[Site "?"]
[Date "2008.09.28"]
[Round "1"]
[White "Lepschi, Albert"]
[Black "Geutebrück, Sebastian"]
[Result "0-1"]
[ECO "D13"]
[WhiteElo "1674"]
[BlackElo "1943"]
[Annotator "Frederic"]
[PlyCount "120"]
[EventDate "2008.??.??"]
[TimeControl "30/5400:0"]

{125MB, Fritz10.ctg, SCHACHCOMP} 1. d4 d5 2. c4 c6 3. cxd5 cxd5 4. Nc3 Nf6 5.
Nf3 Nc6 6. Bf4 a6 7. Rc1 Qb6 8. e3 Qxb2 9. Bd3 e6 10. O-O Qb6 11. Na4 Qd8 12.
Qb3 Nd7 13. e4 Qa5 14. exd5 Qxd5 15. Qxd5 exd5 16. Rfe1+ Ne7 17. Nc3 Nf6 18.
Na4 Nd7 19. Bf5 b5 20. Bxd7+ Bxd7 21. Nb6 Ra7 22. Rc8+ Bxc8 23. Nxc8 Rd7 24.
Nd6+ Rxd6 25. Bxd6 f6 26. Nh4 Kd7 27. Bxe7 Bxe7 28. Nf5 Bb4 29. Re2 g6 30. Ne3
Kd6 31. Ng4 Rc8 32. g3 f5 33. Ne5 Rc1+ 34. Kg2 Rd1 35. Nf7+ Kd7 36. Ne5+ Kc7
37. Rc2+ Kb7 38. Nc6 a5 39. Nd8+ Kb8 40. Nc6+ Ka8 41. Nd8 Rxd4 42. Rc8+ Ka7 43.
Rc7+ Kb6 44. Rc6+ Ka7 45. Rc7+ Kb8 46. Rxh7 Rc4 47. Ne6 d4 48. Rd7 Bc3 49. Rd5
b4 50. h4 a4 51. Nc5 a3 52. Nb3 Kc7 53. Kf1 Bb2 54. Ke1 Rc2 55. Rc5+ Rxc5 56.
Nxc5 Kc6 57. Nb3 Kd5 58. f3 Kc4 59. Na5+ Kd3 60. Kf2 Kc2 0-1

[Event "Stadtmeisterschaft Ulm/Neu-Ulm 2008"]
[Site "?"]
[Date "2008.10.03"]
[Round "2"]
[White "Schulze, Andreas"]
[Black "Hoffart, Alexander"]
[Result "1-0"]
[ECO "B13"]
[WhiteElo "2173"]
[BlackElo "1900"]
[Annotator "Frederic"]
[PlyCount "53"]
[EventDate "2008.??.??"]
[TimeControl "30/5400:0"]

{125MB, Fritz10.ctg, SCHACHCOMP} 1. e4 c6 2. d4 d5 3. exd5 cxd5 4. Bd3 Nc6 5.
c3 Nf6 6. Bf4 Bg4 7. Qb3 Qd7 8. Nd2 e6 9. Ngf3 Bxf3 10. Nxf3 a6 11. O-O Be7 12.
Ne5 Nxe5 13. dxe5 Nh5 14. Be3 g6 15. Rae1 Ng7 16. f4 Nf5 17. Bxf5 gxf5 18. Rf3
Qc6 19. Bd4 b5 20. Ra1 Rb8 21. Rg3 Qc4 22. Qd1 h5 23. a4 b4 24. b3 Qc6 25. cxb4
Bxb4 26. Rc1 Qd7 27. Qc2 1-0

[Event "Stadtmeisterschaft Ulm/Neu-Ulm 2008"]
[Site "?"]
[Date "2008.10.03"]
[Round "2"]
[White "Schwab, Matthias"]
[Black "Skander, Souissi"]
[Result "0-1"]
[ECO "E97"]
[WhiteElo "2022"]
[BlackElo "1850"]
[Annotator "Frederic"]
[PlyCount "70"]
[EventDate "2008.??.??"]
[TimeControl "30/5400:0"]

{125MB, Fritz10.ctg, SCHACHCOMP} 1. d4 Nf6 2. c4 g6 3. Nc3 Bg7 4. e4 O-O 5. Be2
d6 6. Nf3 e5 7. O-O Nc6 8. d5 Ne7 9. b4 Ne8 10. Ne1 f5 11. f3 f4 12. Nd3 g5 13.
c5 Rf6 14. Bd2 Rg6 15. Rc1 Bf8 16. Be1 Rg7 17. Bf2 Ng6 18. cxd6 cxd6 19. Nb5
Bd7 20. Nb2 h5 21. Nxa7 Qb8 22. Nb5 g4 23. fxg4 hxg4 24. Bxg4 Bxb5 25. Be6+ Rf7
26. Qg4 Kg7 27. Rc8 Qxc8 28. Bxc8 Nf6 29. Qh3 Bxf1 30. Kxf1 Nxe4 31. a4 f3 32.
Bf5 fxg2+ 33. Kg1 Nxf2 34. Kxf2 Be7 35. Kg1 Raf8 0-1

[Event "Stadtmeisterschaft Ulm/Neu-Ulm 2008"]
[Site "?"]
[Date "2008.10.03"]
[Round "2"]
[White "Deißler, Helmut"]
[Black "Locher, Klaus"]
[Result "1-0"]
[ECO "D37"]
[WhiteElo "1988"]
[BlackElo "1787"]
[Annotator "Frederic"]
[PlyCount "101"]
[EventDate "2008.??.??"]
[TimeControl "30/5400:0"]

{125MB, Fritz10.ctg, SCHACHCOMP} 1. d4 d5 2. c4 e6 3. Nc3 Nf6 4. Nf3 Be7 5. Bf4
c5 6. dxc5 dxc4 7. Qxd8+ Bxd8 8. e4 Na6 9. Bd6 Be7 10. e5 Nd7 11. c6 bxc6 12.
Bxc4 Nb6 13. Be2 Bxd6 14. exd6 Nd5 15. Ne5 Bb7 16. d7+ Ke7 17. d8=Q+ Rhxd8 18.
Bxa6 Bxa6 19. Nxc6+ Kd6 20. Nxd8 Rxd8 21. Nxd5 exd5 22. Kd2 Rb8 23. b3 Rb4 24.
Rac1 Rd4+ 25. Kc3 Rd3+ 26. Kb2 Rd4 27. Rcd1 Rg4 28. g3 Be2 29. Rd2 Bf3 30. Re1
f5 31. Re3 Bh1 32. f3 Rb4 33. Kc3 Rb5 34. b4 a5 35. a3 g5 36. h3 g4 37. hxg4
fxg4 38. fxg4 axb4+ 39. axb4 Rb7 40. Rh2 Be4 41. Kb3 Ke5 42. Rhe2 Kd4 43. Rc3
Ke5 44. Rc5 Kd4 45. Rd2+ Ke5 46. b5 Rg7 47. Kb4 Rxg4 48. b6 Bd3+ 49. Kc3 Kd6
50. b7 Kxc5 51. b8=Q 1-0

[Event "Stadtmeisterschaft Ulm/Neu-Ulm 2008"]
[Site "?"]
[Date "2008.10.03"]
[Round "2"]
[White "Gebhardt, Uwe"]
[Black "Zierke, Markus"]
[Result "1-0"]
[ECO "A59"]
[WhiteElo "1996"]
[BlackElo "1765"]
[Annotator "Frederic"]
[PlyCount "75"]
[EventDate "2008.??.??"]
[TimeControl "30/5400:0"]

{125MB, Fritz10.ctg, SCHACHCOMP} 1. d4 Nf6 2. c4 c5 3. d5 b5 4. cxb5 a6 5. bxa6
Bxa6 6. Nc3 g6 7. g3 Bg7 8. e4 Bxf1 9. Kxf1 d6 10. Nge2 O-O 11. Kg2 Nbd7 12. f3
Ra7 13. a4 Qa8 14. Nb5 Rb7 15. Nec3 Nb8 16. Rb1 Na6 17. Qe2 Nd7 18. h4 Nb6 19.
b3 Nb4 20. Be3 f5 21. h5 fxe4 22. fxe4 e6 23. hxg6 exd5 24. Qh5 Bxc3 25. Nxc3
d4 26. Bh6 dxc3 27. Bxf8 Qxf8 28. Rbf1 Qe7 29. gxh7+ Kh8 30. Qg4 Rb8 31. Rh5
Nd7 32. Rg5 Nf6 33. Rxf6 Qxf6 34. Rg8+ Kxh7 35. Rxb8 c2 36. Qh5+ Kg7 37. Qh8+
Kf7 38. Rf8+ 1-0